[Event "December 19 Late 2023"]
[Site "https://www.chess.com"]
[Date "2023.12.19"]
[Round "10"]
[White "Figorito, Nick"]
[Black "Romero Ruscalleda, Josep"]
[Result "0-1"]
[Board "84"]
[TimeControl "180+1"]
[WhiteFideId "30923689"]
[BlackFideId "2231859"]
[WhiteElo "2410"]
[BlackElo "2200"]
[WhiteTeam "USA"]
[BlackTeam "ESP"]
[WhiteClock "0:00:06"]
[BlackClock "0:00:45"]

1. Nf3 g6 2. g3 Bg7 3. Bg2 e5 4. c4 d6 5. d3 c5 6. O-O Nc6 7. Nc3 Nge7 8. Bg5 O-O 9. Bxe7 Qxe7 10. Nd5 Qd8 11. Ne1 Be6 12. Nc2 f5 13. Rb1 g5 14. b4 cxb4 15. Ncxb4 Rc8 16. Nxc6 bxc6 17. Nc3 Qd7 18. Qa4 e4 19. Qa3 exd3 20. exd3 Bd4 21. Ne2 Bb6 22. Qa4 f4 23. Nc3 f3 24. Bh1 g4 25. Ne4 Bf5 26. c5 Bxc5 27. Nxc5 dxc5 28. Qc4+ Qd5 29. Rfc1 Bxd3 30. Qxg4+ Kh8 31. Rb7 Rg8 32. Qxf3 Qxf3 33. Bxf3 c4 34. Rxa7 Rge8 35. Ra6 c3 36. Rxc6 c2 37. Rxc8 Rxc8 38. a4 Rb8 0-1

[Event "December 19 Late 2023"]
[Site "https://www.chess.com"]
[Date "2023.12.19"]
[Round "10"]
[White "Grapsa, Georgia"]
[Black "Kovacevic, Radmila"]
[Result "1-0"]
[Board "85"]
[TimeControl "180+1"]
[WhiteFideId "4206436"]
[BlackFideId "933171"]
[WhiteElo "1794"]
[BlackElo "2052"]
[WhiteTeam "GRE"]
[BlackTeam "SRB"]
[WhiteClock "0:00:12"]
[BlackClock "0:00:00"]

1. e4 e5 2. Nf3 d5 3. exd5 e4 4. Qe2 Nf6 5. Nc3 Be7 6. Nxe4 O-O 7. Nxf6+ Bxf6 8. d4 Qxd5 9. Be3 Bg4 10. h3 Bxf3 11. Qxf3 Qa5+ 12. c3 Qb6 13. O-O-O Nd7 14. Bd3 Qa5 15. Qf5 Qxf5 16. Bxf5 Nb6 17. b3 Nd5 18. Bd2 c5 19. c4 Ne7 20. Be4 Bxd4 21. Bxb7 Rab8 22. Be4 Bxf2 23. Bf4 Rbd8 24. Bd6 Rde8 25. Bf3 Be3+ 26. Kc2 f5 27. a3 Rf7 28. Rhe1 f4 29. b4 cxb4 30. axb4 Rc8 31. Kb3 g6 32. Ra1 Kg7 33. c5 Nf5 34. Be5+ Kh6 35. Kc4 Nh4 36. Bd5 Rf5 37. Bd4 Bxd4 38. Kxd4 Rd8 39. Re5 f3 40. g3 f2 41. gxh4 Rf4+ 42. Re4 f1=Q 43. Rxf1 Rxf1 44. c6 Rd1+ 45. Kc4 R1xd5 46. b5 Rd1 47. Re7 Rc1+ 48. Kb4 Rd4+ 49. Kb3 Rd5 50. Rb7 Rdc5 51. Kb4 R1c4+ 52. Kb3 Rc3+ 53. Kb2 Rc2+ 54. Ka3 R2c3+ 55. Kb4 R3c4+ 56. Ka5 Rc1 57. Rd7 Ra1+ 58. Kb4 Rac1 59. Rxa7 R1c4+ 60. Ka5 Rxh4 61. Rb7 Rhc4 62. Kb6 1-0

[Event "December 19 Late 2023"]
[Site "https://www.chess.com"]
[Date "2023.12.19"]
[Round "10"]
[White "Argandona Riveiro, Inigo"]
[Black "UnTucopalaTimba"]
[Result "1-0"]
[Board "86"]
[TimeControl "180+1"]
[WhiteFideId "2212072"]
[WhiteElo "2391"]
[BlackElo "2255"]
[WhiteTeam "ESP"]
[WhiteClock "0:00:23"]
[BlackClock "0:00:22"]

1. Nf3 d5 2. c4 dxc4 3. e4 Nc6 4. Bxc4 e6 5. d4 Bb4+ 6. Nc3 Nf6 7. Bd3 Nxd4 8. Nxd4 Bxc3+ 9. bxc3 O-O 10. Bg5 h6 11. h4 c5 12. Bxf6 Qxf6 13. Ne2 Rd8 14. Qc2 e5 15. Bc4 Bg4 16. f3 Bh5 17. Ng3 Bg6 18. h5 Bh7 19. O-O Qg5 20. Qf2 Rd2 21. Ne2 Rad8 22. Qxc5 b6 23. Qf2 Qxh5 24. Qg3 Rc2 25. Rac1 Rb2 26. Rcd1 Rbd2 27. Bd5 Rxd1 28. Rxd1 Kf8 29. c4 Ke7 30. Nc3 a6 31. Qf2 Rd6 32. c5 Rd7 33. cxb6 Qg5 34. Qc5+ Kd8 35. b7 Rc7 36. b8=Q+ Kd7 37. Qcxc7# 1-0

[Event "December 19 Late 2023"]
[Site "https://www.chess.com"]
[Date "2023.12.19"]
[Round "10"]
[White "Devagharan, Devina"]
[Black "Kubatko, Ivan"]
[Result "1/2-1/2"]
[Board "87"]
[TimeControl "180+1"]
[WhiteFideId "2061600"]
[BlackFideId "24111473"]
[WhiteElo "2421"]
[BlackElo "2285"]
[WhiteTeam "USA"]
[BlackTeam "RUS"]
[WhiteClock "0:00:21"]
[BlackClock "0:00:23"]

1. d4 d5 2. c4 e6 3. Nc3 c5 4. cxd5 cxd4 5. Qxd4 Nc6 6. Qd1 exd5 7. e3 Nf6 8. Nf3 Bd6 9. Be2 O-O 10. O-O a6 11. b3 Re8 12. Bb2 Bc7 13. Bd3 Qd6 14. Ne2 h5 15. Nf4 Bg4 16. h3 Bxf3 17. Qxf3 Ne5 18. Bxe5 Qxe5 19. g3 h4 20. Rae1 hxg3 21. fxg3 Bb6 22. Ng2 Rac8 23. Kh2 Rc3 24. Rd1 Bxe3 25. Rfe1 d4 26. Qxb7 a5 27. Rf1 Re7 28. Qa8+ Re8 29. Qb7 Re7 30. Qa8+ Re8 31. Qb7 1/2-1/2

[Event "December 19 Late 2023"]
[Site "https://www.chess.com"]
[Date "2023.12.19"]
[Round "10"]
[White "Essing, Arnold"]
[Black "Dwilewicz, Katarzyna"]
[Result "1/2-1/2"]
[Board "88"]
[TimeControl "180+1"]
[WhiteFideId "4619862"]
[BlackFideId "1148486"]
[WhiteElo "2257"]
[BlackElo "2098"]
[WhiteTeam "GER"]
[BlackTeam "POL"]
[WhiteClock "0:00:05"]
[BlackClock "0:00:07"]

1. d4 g6 2. Nf3 Bg7 3. c4 d6 4. Nc3 Nd7 5. e4 e5 6. Be2 Ne7 7. O-O O-O 8. Be3 f5 9. exf5 Nxf5 10. Bg5 Bf6 11. Bxf6 Qxf6 12. Nd5 Qd8 13. dxe5 Nxe5 14. Nxe5 dxe5 15. Bd3 Nd4 16. f4 c6 17. Nc3 Qb6 18. Kh1 Qxb2 19. Rc1 exf4 20. Bxg6 hxg6 21. Qxd4 Be6 22. Rb1 Qc2 23. Rxb7 Rf7 24. Rxf7 Bxf7 25. Ne4 Qxc4 26. Nf6+ Kh8 27. Qa1 Kg7 28. Ne4+ Kh6 29. Nd6 Qe6 30. Qd4 g5 31. Nxf7+ Qxf7 32. Rc1 Qe6 33. h3 Kg6 34. Qa4 Rc8 35. Qxa7 Qd5 36. Qc5 Qxa2 37. Qd6+ Kh5 38. Qd7 Qg8 39. Rxc6 Rxc6 40. Qxc6 Qf7 41. Qf3+ Kg6 42. Qc6+ Qf6 43. Qc2+ Kh6 44. Qe2 Qc6 45. Kg1 Qc5+ 46. Kh2 Qd6 47. Kg1 Qd4+ 48. Kh2 Qf6 49. Kg1 Qb6+ 50. Kh2 Qf6 51. Qe4 Kg7 52. Kg1 Kf7 53. Kh2 Qe6 54. Qxe6+ Kxe6 55. Kg1 Ke5 56. Kf2 Ke4 57. Ke2 Ke5 58. Kf3 Kf5 59. g3 fxg3 60. Kxg3 Kg6 61. h4 Kh6 62. hxg5+ Kxg5 1/2-1/2

[Event "December 19 Late 2023"]
[Site "https://www.chess.com"]
[Date "2023.12.19"]
[Round "10"]
[White "Carrasco Miranda, Andres"]
[Black "Porat, Tori"]
[Result "0-1"]
[Board "89"]
[TimeControl "180+1"]
[WhiteFideId "3405990"]
[BlackFideId "30982626"]
[WhiteElo "2183"]
[BlackElo "1693"]
[WhiteTeam "CHI"]
[BlackTeam "USA"]
[WhiteClock "0:00:00"]
[BlackClock "0:00:10"]

1. e4 c5 2. Nf3 Nc6 3. g3 Nf6 4. d3 d6 5. Bg2 e5 6. O-O Be6 7. Nbd2 h6 8. Re1 Be7 9. c3 O-O 10. a3 Rc8 11. b4 cxb4 12. axb4 a6 13. Bb2 Bg4 14. h3 Bh5 15. g4 Bg6 16. Nf1 Nh7 17. d4 h5 18. gxh5 Bxh5 19. Ng3 Bxf3 20. Bxf3 Ng5 21. Bg4 Rb8 22. b5 axb5 23. d5 Na5 24. h4 Nh7 25. Nf5 Nc4 26. Bc1 Bxh4 27. Qf3 Bg5 28. Qg3 Bxc1 29. Rexc1 Qg5 30. Be2 Qxg3+ 31. fxg3 Rfd8 32. Bxc4 bxc4 33. Rcb1 Ng5 34. Ra4 b5 35. Ra7 Nxe4 36. Ne7+ Kf8 37. Nc6 Ra8 38. Rb7 Re8 39. Rf1 Nf6 40. g4 Kg8 41. g5 Nxd5 42. Rfxf7 Ra1+ 43. Kh2 Ra2+ 44. Kg3 Rc2 45. Rxg7+ Kh8 46. Rh7+ Kg8 47. g6 Rxc3+ 48. Kh4 Rf3 49. Rbd7 Rf4+ 50. Kg5 c3 51. Rxd6 Rf1 52. Rxd5 Rg1+ 53. Kf6 Rf1+ 54. Kg5 Rg1+ 55. Kf5 Rf1+ 56. Ke4 Re1+ 57. Kf3 Rf1+ 58. Ke2 Rf4 59. Ne7+ Rxe7 60. Rd8+ Rf8 61. Rxe7 Rxd8 62. Rc7 b4 63. Ke3 Rd6 0-1

[Event "December 19 Late 2023"]
[Site "https://www.chess.com"]
[Date "2023.12.19"]
[Round "10"]
[White "Bogaudinov, Rushan"]
[Black "Jesusesmifuerza"]
[Result "1-0"]
[Board "90"]
[TimeControl "180+1"]
[WhiteFideId "4129288"]
[WhiteElo "1937"]
[BlackElo "2192"]
[WhiteTeam "RUS"]
[WhiteClock "0:01:54"]
[BlackClock "0:01:52"]

1. b3 d5 2. c3 Nf6 3. Bb2 b6 4. h4 Bb7 5. h5 h6 6. d4 Nbd7 7. Nd2 e5 8. dxe5 Nxe5 9. Ngf3 Bd6 10. e3 O-O 11. Be2 Re8 12. Nxe5 Bxe5 13. Nf3 Bd6 14. g4 Nxg4 15. Rg1 Ne5 16. Nd4 Qd7 17. Qc2 Bc8 18. O-O-O c5 19. Bb5 Qe7 20. Bxe8 Qxe8 21. Nf5 Bxf5 22. Qxf5 Qe6 23. Qxe6 fxe6 24. c4 Nf3 25. Rg6 Nh4 26. Rxe6 1-0

[Event "December 19 Late 2023"]
[Site "https://www.chess.com"]
[Date "2023.12.19"]
[Round "10"]
[White "Navyblue1"]
[Black "Malek, Omid"]
[Result "0-1"]
[Board "91"]
[TimeControl "180+1"]
[BlackFideId "2605384"]
[WhiteElo "2159"]
[BlackElo "2013"]
[BlackTeam "CAN"]
[WhiteClock "0:00:17"]
[BlackClock "0:00:44"]

1. d4 f5 2. e4 fxe4 3. Nc3 Nf6 4. Bg5 g6 5. Bxf6 exf6 6. Nxe4 d5 7. Ng3 Bg7 8. Bd3 O-O 9. N1e2 f5 10. Qd2 Nc6 11. c3 f4 12. Nxf4 Bh6 13. Nge2 Bg4 14. f3 Bf5 15. g3 Qd6 16. Bxf5 Rxf5 17. Qd3 Re8 18. O-O Ref8 19. Ng2 Rh5 20. Rae1 Ne7 21. Nef4 Bxf4 22. Nxf4 Rxf4 23. gxf4 Qxf4 24. Rf2 Nf5 25. Re8+ Kg7 26. Qe2 Nh4 27. Qe7+ Kh6 28. Qe3 Rg5+ 29. Kf1 Qf5 30. Ke2 Kh5 31. Re5 Qc2+ 32. Qd2 Rxe5+ 33. dxe5 Qf5 34. Qd4 Qc2+ 35. Ke3 Nf5+ 36. Kf4 g5# 0-1

[Event "December 19 Late 2023"]
[Site "https://www.chess.com"]
[Date "2023.12.19"]
[Round "10"]
[White "Vanek, Tomas"]
[Black "Reprintsev, Alexander"]
[Result "0-1"]
[Board "92"]
[TimeControl "180+1"]
[WhiteFideId "313459"]
[BlackFideId "14100541"]
[WhiteElo "2052"]
[BlackElo "2229"]
[WhiteTeam "CZE"]
[BlackTeam "UKR"]
[WhiteClock "0:00:00"]
[BlackClock "0:00:04"]

1. e4 d5 2. exd5 Qxd5 3. Nc3 Qa5 4. Bc4 Nf6 5. Nf3 Nc6 6. d4 Bg4 7. d5 O-O-O 8. h3 Qc5 9. hxg4 Qxc4 10. Qe2 Qxe2+ 11. Kxe2 Nxd5 12. Nxd5 Rxd5 13. c4 Rc5 14. Be3 Rxc4 15. Rac1 Rxg4 16. Rxc6 bxc6 17. Ne5 Rb4 18. Nxf7 Rxb2+ 19. Kf3 Rg8 20. Rxh7 Rxa2 21. Rh4 e5 22. Nxe5 Kb7 23. Rc4 c5 24. Nd7 Ra3 25. Kg4 Bd6 26. Nxc5+ Bxc5 27. Bxc5 Ra6 28. Be3 Re8 29. Bf4 Re7 30. Bg5 Rd7 31. f4 Rc6 32. Rb4+ Rb6 33. Ra4 c5 34. Kh5 Rc6 35. f5 c4 36. Rb4+ Ka6 37. Bc1 c3 38. Ra4+ Kb5 39. Ra1 Kc4 40. g4 Kd3 41. g5 c2 42. g6 Rd5 43. Kg5 Rcc5 44. Rxa7 Re5 45. Rd7+ Kc3 46. Rxg7 Rxf5+ 47. Kg4 Rf1 0-1

[Event "December 19 Late 2023"]
[Site "https://www.chess.com"]
[Date "2023.12.19"]
[Round "10"]
[White "Cardozo Munar, Carlos Eduardo"]
[Black "Seletsky, Grigory"]
[Result "1-0"]
[Board "93"]
[TimeControl "180+1"]
[WhiteFideId "4409477"]
[BlackFideId "14112191"]
[WhiteElo "2067"]
[BlackElo "2482"]
[WhiteTeam "COL"]
[BlackTeam "UKR"]
[WhiteClock "0:00:19"]
[BlackClock "0:00:00"]

1. e4 e6 2. Nf3 d5 3. exd5 Qxd5 4. d4 Nf6 5. c3 Bd6 6. g3 c5 7. Bg2 cxd4 8. Qxd4 Nc6 9. Qxd5 Nxd5 10. O-O Bd7 11. Nbd2 h6 12. Nc4 Bc7 13. Nfe5 Nxe5 14. Nxe5 Bxe5 15. Re1 Bc6 16. Rxe5 O-O-O 17. c4 Nb4 18. Be3 Bxg2 19. Kxg2 Nc2 20. Rc1 Nxe3+ 21. Rxe3 Rd2 22. Rb3 Rhd8 23. a4 Re2 24. c5 Rdd2 25. Rf3 f6 26. c6 Rxb2 27. cxb7+ Kxb7 28. Rd1 Kc6 29. Rd8 e5 30. Rg8 e4 31. Rf4 e3 32. Rxg7 Rxf2+ 33. Rxf2 Rxf2+ 34. Kg1 Kd5 35. Rxa7 Ra2 36. Kf1 Ke4 37. Ra6 f5 38. Ra5 Rxh2 39. Rb5 h5 40. a5 h4 41. gxh4 f4 42. Rb8 1-0

[Event "December 19 Late 2023"]
[Site "https://www.chess.com"]
[Date "2023.12.19"]
[Round "10"]
[White "Pein, Jonathan"]
[Black "Khokhlova, Daria"]
[Result "1-0"]
[Board "94"]
[TimeControl "180+1"]
[WhiteFideId "417092"]
[BlackFideId "24182729"]
[WhiteElo "2130"]
[BlackElo "2032"]
[WhiteTeam "ENG"]
[BlackTeam "FID"]
[WhiteClock "0:00:20"]
[BlackClock "0:00:04"]

1. g3 d5 2. Bg2 e5 3. d4 e4 4. c4 c6 5. Nc3 Be6 6. f3 exf3 7. Nxf3 Nf6 8. O-O Be7 9. Re1 O-O 10. Ng5 Bf5 11. e4 dxe4 12. Ngxe4 Nxe4 13. Nxe4 Nd7 14. Nf2 Nb6 15. b3 Bf6 16. Bb2 Qd7 17. Qf3 a5 18. a4 Rfe8 19. Bc3 Nc8 20. Rxe8+ Qxe8 21. Qxf5 Nd6 22. Qf4 Qd7 23. Re1 h6 24. Bh3 Qd8 25. Ne4 Be7 26. Nxd6 Bxd6 27. Qf5 Qb6 28. Qc2 Bf8 29. Bg2 Rd8 30. Kh1 Qc7 31. d5 cxd5 32. Bxd5 b6 33. Rf1 Rd7 34. Qf5 Bc5 35. Be5 Qa7 36. Bb8 Qxb8 37. Qxd7 Qe5 38. Qxf7+ Kh7 39. Qf5+ Qxf5 40. Rxf5 Kg6 41. Be4 Be3 42. Rf3+ Kg5 43. Rxe3 Kf6 44. h3 Ke5 45. Kg2 Kd4 46. Kf3 Kc5 47. Bc6 Kxc6 48. Ke4 Kc5 49. Kd3 Kb4 50. Kc2 Kc5 51. Kc3 Kd6 52. Kd4 Kc6 53. Re6+ Kc7 54. Rg6 Kd7 55. Kd5 Kc7 56. Rc6+ Kd7 57. Rg6 Kc7 58. h4 Kb7 59. Rxg7+ Kc8 60. Kd6 h5 61. Kc6 Kb8 62. Rh7 Ka8 63. Kxb6 Kb8 64. Rh8# 1-0

[Event "December 19 Late 2023"]
[Site "https://www.chess.com"]
[Date "2023.12.19"]
[Round "10"]
[White "Su, Dion"]
[Black "Melamed, Daniel"]
[Result "1-0"]
[Board "95"]
[TimeControl "180+1"]
[WhiteFideId "2029731"]
[BlackFideId "3229076"]
[WhiteElo "2364"]
[BlackElo "1908"]
[WhiteTeam "USA"]
[BlackTeam "AUS"]
[WhiteClock "0:00:06"]
[BlackClock "0:00:04"]

1. e4 c5 2. d4 cxd4 3. c3 g6 4. cxd4 d5 5. exd5 Nf6 6. Nf3 Bg7 7. Nc3 O-O 8. Bc4 a6 9. O-O b5 10. Bb3 Bb7 11. Bg5 Nbd7 12. Re1 Nb6 13. h3 Re8 14. Ne5 Nbxd5 15. Qf3 Rb8 16. Nxf7 Kxf7 17. Bxf6 Bxf6 18. Nxd5 Bxd5 19. Bxd5+ Kg7 20. Rad1 Rb6 21. Bb3 Rd6 22. d5 Bxb2 23. h4 Bf6 24. h5 Qb6 25. Qf4 a5 26. h6+ Kg8 27. Re6 Rxe6 28. dxe6 Rf8 29. Qg4 a4 30. Bc2 Be5 31. Rd2 Bc3 32. Re2 Bf6 33. g3 Qd4 34. Qxd4 Bxd4 35. Kg2 Rc8 36. f4 Ra8 37. Be4 Rb8 38. Rd2 Bf6 39. Rd7 b4 40. Bc2 b3 41. axb3 axb3 42. Bxb3 Rc8 43. Bd5 Rf8 44. Kf3 Re8 45. Ke4 Rf8 46. g4 Re8 47. g5 Bc3 48. Bc6 Bb4 49. Rd4 Rc8 50. Rxb4 Rxc6 51. Rb8+ Rc8 52. Rxc8# 1-0

[Event "December 19 Late 2023"]
[Site "https://www.chess.com"]
[Date "2023.12.19"]
[Round "10"]
[White "Gumugama"]
[Black "Korol, Dimitry"]
[Result "1-0"]
[Board "96"]
[TimeControl "180+1"]
[BlackFideId "14108003"]
[WhiteElo "2213"]
[BlackElo "2262"]
[BlackTeam "UKR"]
[WhiteClock "0:00:25"]
[BlackClock "0:00:16"]

1. e4 c5 2. c3 d5 3. exd5 Qxd5 4. Nf3 Nc6 5. Na3 Nf6 6. Be2 e6 7. O-O Be7 8. d4 cxd4 9. Nb5 Qd8 10. Bf4 Nd5 11. Bg3 dxc3 12. bxc3 a6 13. c4 axb5 14. cxd5 exd5 15. Bxb5 O-O 16. Qb3 Be6 17. Rad1 Qa5 18. a4 Rfd8 19. Nd4 Nxd4 20. Rxd4 Bf6 21. Rdd1 d4 22. Qf3 Bd5 23. Qf5 Bc6 24. Rb1 Rd5 25. Qd3 Bxb5 26. axb5 Rc8 27. Rfe1 h6 28. b6 Qc3 29. Qe4 Rd7 30. Bc7 d3 31. Red1 d2 32. Qxb7 Rcxc7 33. bxc7 Rxc7 34. Qe4 g6 35. Rb8+ Kg7 36. Qe8 h5 37. Qh8# 1-0

[Event "December 19 Late 2023"]
[Site "https://www.chess.com"]
[Date "2023.12.19"]
[Round "10"]
[White "Fernandez Bustamante, Leancy B."]
[Black "Demina, Marya"]
[Result "1-0"]
[Board "97"]
[TimeControl "180+1"]
[WhiteFideId "3523870"]
[BlackFideId "4195671"]
[WhiteElo "2049"]
[BlackElo "1978"]
[WhiteTeam "CUB"]
[BlackTeam "RUS"]
[WhiteClock "0:00:41"]
[BlackClock "0:00:00"]

1. e4 c6 2. d4 d5 3. exd5 cxd5 4. Bd3 Nf6 5. h3 Nc6 6. c3 e5 7. dxe5 Nxe5 8. Bb5+ Bd7 9. Bxd7+ Nexd7 10. Nf3 Bc5 11. O-O O-O 12. Bg5 Qc7 13. Nbd2 h6 14. Bh4 Rfe8 15. Bg3 Qb6 16. Nb3 Bf8 17. Nfd4 g6 18. Qf3 a5 19. a4 Ne5 20. Bxe5 Rxe5 21. Rfe1 Rae8 22. Rxe5 Rxe5 23. Nb5 Rf5 24. Qe2 Ne4 25. Rf1 Ng3 26. Qd2 Nxf1 27. Kxf1 Bc5 28. N3d4 Bxd4 29. cxd4 Qf6 30. Nc3 Kg7 31. f3 g5 32. Nb5 Rf4 33. Qxa5 Qe7 34. Qd2 Qe6 35. Kg1 Qc6 36. Nc3 Rf6 37. b4 Re6 38. Ne2 Qc4 39. Nc1 Rc6 40. Ne2 Qc2 41. Qe1 Qxa4 42. Ng3 Rf6 43. Nh5+ Kg6 44. Nxf6 Kxf6 45. Qe5+ Kg6 46. Qxd5 Qxb4 47. Qe4+ Kg7 48. Kh2 b5 49. h4 Qd6+ 50. g3 gxh4 51. Qxh4 b4 52. Qg4+ Kf8 53. Qc8+ Kg7 54. Qc4 Kg6 55. d5 Kg7 56. Qd4+ Kg8 57. f4 h5 58. Qc4 Kg7 59. Qc6 Qg6 60. d6 Qe6 61. Qc5 f6 62. Qc7+ Kg6 63. Qc2+ Kg7 64. Qc7+ Kg6 65. Qc5 b3 66. f5+ Qxf5 67. Qxf5+ Kxf5 68. d7 b2 69. d8=Q b1=Q 70. Qd5+ Kg6 71. Qg8+ Kf5 72. Qh7+ Kg5 73. Qxb1 f5 74. Qc1+ Kg6 75. Qf4 1-0

[Event "December 19 Late 2023"]
[Site "https://www.chess.com"]
[Date "2023.12.19"]
[Round "10"]
[White "Guzman Lozano, Campo Elias"]
[Black "Biernacki, Mark"]
[Result "0-1"]
[Board "98"]
[TimeControl "180+1"]
[WhiteFideId "4403746"]
[BlackFideId "2082322"]
[WhiteElo "2099"]
[BlackElo "1965"]
[WhiteTeam "COL"]
[BlackTeam "USA"]
[WhiteClock "0:00:18"]
[BlackClock "0:00:08"]

1. e4 c6 2. Nc3 d5 3. Nf3 dxe4 4. Nxe4 Nf6 5. Ng3 Bg4 6. Be2 Nbd7 7. d4 e6 8. O-O Bd6 9. c4 O-O 10. b3 a5 11. a4 Nb8 12. Ba3 Na6 13. Bxd6 Qxd6 14. Qd2 Nb4 15. Rfd1 Rfd8 16. Qc3 Qe7 17. h3 Bf5 18. Nxf5 exf5 19. Bf1 Ne4 20. Qb2 Rac8 21. Re1 Qf6 22. Rad1 c5 23. Re2 Nc6 24. d5 Nc3 25. Red2 Nxd1 26. Qxf6 gxf6 27. Rxd1 Ne5 28. Nh4 f4 29. Nf5 h5 30. Ne7+ Kf8 31. Nxc8 Rxc8 32. Be2 h4 33. Bg4 Rd8 34. Bf5 Ke7 35. Re1 Kd6 36. Re4 Nd3 37. Kf1 Rg8 38. Ke2 Ne5 39. Rxf4 Rxg2 40. Bc8 Ke7 41. Bxb7 Ng6 42. d6+ Kxd6 43. Rxf6+ Ke7 44. Rxf7+ Kxf7 45. Bxg2 Ke6 46. Ke3 Ke5 47. Bf3 Nf4 48. Bg4 Ng2+ 49. Kd3 Ne1+ 50. Ke2 Ng2 51. Kf3 Ne1+ 52. Ke3 Ng2+ 53. Kd2 Kf4 54. b4 cxb4 55. c5 Ke5 56. Bf3 Nf4 57. Bg4 Nd5 58. Kd3 Nc3 59. Kc4 Nxa4 60. c6 Kd6 61. Bd7 Nb6+ 62. Kb3 Nxd7 63. cxd7 Kxd7 64. Kc4 Ke6 65. Kd4 Kf5 66. Ke3 a4 67. Kd4 a3 0-1

[Event "December 19 Late 2023"]
[Site "https://www.chess.com"]
[Date "2023.12.19"]
[Round "10"]
[White "Gerbelli Neto, Eduardo"]
[Black "Merriman, John"]
[Result "1-0"]
[Board "99"]
[TimeControl "180+1"]
[WhiteFideId "2103281"]
[BlackFideId "402362"]
[WhiteElo "2178"]
[BlackElo "2207"]
[WhiteTeam "BRA"]
[BlackTeam "ENG"]
[WhiteClock "0:00:16"]
[BlackClock "0:00:00"]

1. e4 e6 2. d4 d5 3. Nc3 Bb4 4. Ne2 dxe4 5. a3 Bxc3+ 6. Nxc3 f5 7. f3 exf3 8. Qxf3 Nf6 9. Bf4 O-O 10. O-O-O Nd5 11. Nxd5 Qxd5 12. Qxd5 exd5 13. Bxc7 Nc6 14. c3 f4 15. Be2 Bf5 16. Bf3 Be4 17. Rde1 Rae8 18. Rhf1 g5 19. h4 h6 20. hxg5 hxg5 21. b4 Rf7 22. Bd6 Re6 23. b5 Rxd6 24. Bxe4 dxe4 25. bxc6 Rxc6 26. Rxe4 Rxc3+ 27. Kb2 Rfc7 28. Rf2 Kg7 29. Re5 Kg6 30. d5 Rd3 31. Rfe2 g4 32. Re6+ Kf7 33. R6e4 f3 34. Rf4+ Kg6 35. Rxg4+ Kf5 36. gxf3 Rxf3 37. Rg8 Rcc3 38. Rf8+ Kg4 39. Rg2+ Kh3 40. Rxf3+ Rxf3 41. Rd2 Rf7 42. Kc3 Kg4 43. Kc4 Kf5 44. Kc5 Rd7 45. Re2 Kf6 46. d6 Rd8 47. Kd5 Rd7 48. Rf2+ Kg7 49. Ke6 1-0

[Event "December 19 Late 2023"]
[Site "https://www.chess.com"]
[Date "2023.12.19"]
[Round "10"]
[White "Sailer, Mike"]
[Black "Shapiro, Daniel"]
[Result "1-0"]
[Board "100"]
[TimeControl "180+1"]
[WhiteFideId "2012901"]
[BlackFideId "2001780"]
[WhiteElo "2109"]
[BlackElo "2298"]
[WhiteTeam "USA"]
[BlackTeam "USA"]
[WhiteClock "0:00:05"]
[BlackClock "0:00:00"]

1. d4 Nf6 2. Nc3 d5 3. Bf4 a6 4. e3 e6 5. Nf3 Bd6 6. Bd3 c5 7. dxc5 Bxf4 8. exf4 Qa5 9. O-O Nbd7 10. Re1 Nxc5 11. f5 O-O 12. fxe6 fxe6 13. Ne5 b5 14. a3 Qc7 15. f4 Bb7 16. Qe2 Rae8 17. Rad1 Nfe4 18. Bxe4 Nxe4 19. Nxe4 dxe4 20. g3 Rd8 21. c3 Rd5 22. Rd4 Rfd8 23. Red1 Rxd4 24. Rxd4 Rxd4 25. cxd4 Qc1+ 26. Kf2 Qh1 27. Ke3 Qg1+ 28. Kd2 Qxd4+ 29. Kc2 Bd5 30. Qd2 Qc5+ 31. Qc3 Qxc3+ 32. Kxc3 Kf8 33. Kd4 Ke7 34. Ng4 Kd6 35. Ne3 Kc6 36. b4 1-0

[Event "December 19 Late 2023"]
[Site "https://www.chess.com"]
[Date "2023.12.19"]
[Round "10"]
[White "Kornyukov, Alexey"]
[Black "Egorov, Konstantin"]
[Result "1-0"]
[Board "101"]
[TimeControl "180+1"]
[WhiteFideId "4150457"]
[BlackFideId "24154369"]
[WhiteElo "2352"]
[BlackElo "1878"]
[WhiteTeam "RUS"]
[BlackTeam "RUS"]
[WhiteClock "0:00:03"]
[BlackClock "0:00:00"]

1. d4 Nf6 2. c4 e6 3. Nc3 Bb4 4. f3 d5 5. a3 Be7 6. e4 dxe4 7. fxe4 e5 8. d5 a5 9. Nf3 Bg4 10. Be3 b6 11. Be2 Bxf3 12. Bxf3 Nbd7 13. O-O O-O 14. Qe2 Bc5 15. Nb5 a4 16. Rad1 Bxe3+ 17. Qxe3 Nc5 18. Kh1 Ne8 19. Rd2 Nd6 20. Nxd6 cxd6 21. Bd1 Qh4 22. Bc2 Rab8 23. Rdf2 b5 24. cxb5 Rxb5 25. g3 Qe7 26. Qc3 f6 27. g4 h6 28. h4 Rfb8 29. g5 hxg5 30. hxg5 fxg5 31. Qh3 Nd7 32. Rh2 Nf6 33. Qh8+ Kf7 34. Qh5+ g6 35. Qxg5 Ke8 36. Qxg6+ Kd7 37. Qxf6 Rxb2 38. Bxa4+ Kd8 39. Rh8+ Kc7 40. Qxe7+ Kb6 41. Qxd6+ 1-0

[Event "December 19 Late 2023"]
[Site "https://www.chess.com"]
[Date "2023.12.19"]
[Round "10"]
[White "GirthyHuell"]
[Black "Novikova, Margarita"]
[Result "0-1"]
[Board "102"]
[TimeControl "180+1"]
[BlackFideId "14109689"]
[WhiteElo "2288"]
[BlackElo "2090"]
[BlackTeam "GER"]
[WhiteClock "0:01:58"]
[BlackClock "0:01:52"]

1. e4 e5 2. f4 exf4 3. Nf3 d5 4. e5 f6 5. d4 fxe5 6. Nxe5 Qh4+ 7. g3 fxg3 8. Nf3 g2+ 9. Nxh4 gxh1=Q 10. Nf3 Bg4 11. Qe2+ Be7 12. Nbd2 Nc6 13. b4 Nxd4 14. Qd3 Nxf3+ 15. Nxf3 Qxf3 0-1

[Event "December 19 Late 2023"]
[Site "https://www.chess.com"]
[Date "2023.12.19"]
[Round "10"]
[White "Ivanov, Aleksandr"]
[Black "Chiquitita23"]
[Result "0-1"]
[Board "103"]
[TimeControl "180+1"]
[WhiteFideId "2092980"]
[WhiteElo "2156"]
[BlackElo "2055"]
[WhiteTeam "USA"]
[WhiteClock "0:00:13"]
[BlackClock "0:00:08"]

1. d4 Nf6 2. c4 e6 3. Nc3 Bb4 4. e3 c5 5. Ne2 O-O 6. a3 Bxc3+ 7. Nxc3 d5 8. Bd3 dxc4 9. Bxc4 cxd4 10. exd4 b6 11. O-O Bb7 12. Bg5 Nbd7 13. d5 Ne5 14. Bb3 h6 15. Bxf6 Qxf6 16. dxe6 fxe6 17. f3 Rad8 18. Qe2 Kh8 19. Ne4 Qg6 20. Kh1 Nd3 21. Bc2 Nf4 22. Qf2 Qf7 23. Rae1 Bd5 24. Qg3 Qc7 25. Qg4 Qxc2 26. Rf2 Qc7 27. Qh4 Nd3 28. Rff1 Nxe1 29. Rxe1 Bxe4 30. fxe4 Qf4 0-1

[Event "December 19 Late 2023"]
[Site "https://www.chess.com"]
[Date "2023.12.19"]
[Round "10"]
[White "Stead, Kerry"]
[Black "Kostiukov, Alexandr"]
[Result "0-1"]
[Board "104"]
[TimeControl "180+1"]
[WhiteFideId "3202577"]
[BlackFideId "14108100"]
[WhiteElo "1997"]
[BlackElo "2112"]
[WhiteTeam "AUS"]
[BlackTeam "UKR"]
[WhiteClock "0:01:55"]
[BlackClock "0:01:25"]

1. d4 g6 2. e4 c5 3. c3 cxd4 4. cxd4 d5 5. e5 Bg7 6. Nc3 Nh6 7. f4 Nc6 8. Nf3 Bg4 9. Be3 Nf5 10. Bf2 Bxf3 11. gxf3 e6 12. Qd2 O-O 13. h4 h5 14. Nd1 Qb6 15. Rg1 Nfxd4 16. Be2 Qb4 17. Nc3 Nxe2 18. Kxe2 Kh7 19. a3 Qc4+ 20. Ke1 Bh6 21. Be3 d4 0-1

[Event "December 19 Late 2023"]
[Site "https://www.chess.com"]
[Date "2023.12.19"]
[Round "10"]
[White "Lutz, Igor Oscar"]
[Black "De Souza, Cristiano Gomes"]
[Result "0-1"]
[Board "105"]
[TimeControl "180+1"]
[WhiteFideId "2110806"]
[BlackFideId "2151758"]
[WhiteElo "2097"]
[BlackElo "2068"]
[WhiteTeam "BRA"]
[BlackTeam "BRA"]
[WhiteClock "0:00:02"]
[BlackClock "0:00:38"]

1. d4 Nf6 2. c4 g6 3. Nc3 d6 4. e4 Bg7 5. Nf3 O-O 6. Be2 e5 7. Be3 Ng4 8. Bg5 f6 9. Bh4 Nh6 10. dxe5 dxe5 11. Nd5 c6 12. Ne3 Qa5+ 13. Qd2 Qxd2+ 14. Nxd2 Nd7 15. O-O Nc5 16. b4 Ne6 17. Nb3 Nd4 18. Nxd4 exd4 19. Nc2 f5 20. Rad1 fxe4 21. Nxd4 Nf5 22. Nxf5 gxf5 23. c5 Be6 24. a3 Bd5 25. Be7 Rf7 26. Bd6 Bb2 27. Bh5 Rg7 28. g3 Bxa3 29. Rb1 a5 30. Be5 Bxb4 31. Bxg7 Kxg7 32. Rfd1 Kf6 33. Be2 Ke5 34. Rdc1 f4 35. Bc4 fxg3 36. hxg3 Bxc5 37. Rc2 Rg8 38. Kf1 e3 39. fxe3 Rxg3 40. Re1 Bxe3 41. Ke2 Rg2+ 42. Kd3 Rxc2 43. Kxc2 Kd4 44. Be2 Be4+ 45. Kb2 Bd2 46. Rd1 Ke3 47. Bc4 b5 48. Bf7 a4 49. Rh1 b4 50. Rh3+ Kd4 51. Rh4 a3+ 52. Ka2 Bg5 53. Rg4 Bf6 54. Bb3 Ke3 55. Rg3+ Kd4 56. Rg1 c5 57. Rd1+ Bd3 58. Bc2 c4 59. Bb3 Kc3 60. Bc2 Bxc2 61. Rg1 b3+ 62. Kxa3 Be7+ 63. Ka4 b2+ 64. Ka5 b1=Q 65. Rg3+ Bd3 0-1